 Dungeon Crawl Stone Soup version 0.31-a0-214-gb37851dbb3 (webtiles) character file.

Game seed: 3567626144645901645

44 qw the Shooter (level 3, -1/21 HPs)
             Began as a Gargoyle Hexslinger on July 1, 2023.
             Slain by Terence
             ... wielding a +1 trident of flaming
              (4 damage)
             ... on level 3 of the Dungeon.
             The game lasted 00:00:46 (1412 turns).

qw the Shooter (Gargoyle Hexslinger)                Turns: 1412, Time: 00:00:47

Health: -1/21      AC:  7    Str:  8 (11) XL:     3   Next: 60%
Magic:  4/4        EV: 16    Int: 10 (13) God:
Gold:   76         SH:  0    Dex: 12 (14) Spells: 3/4 levels left

rFire   . . .        Y - +1 sling
rCold   . . .        (no shield)
rNeg    + . .        l - +0 leather armour
rPois   inf          n - +0 helmet
rElec   +            (no cloak)
rCorr   .            (no gloves)
SInv    .            (no boots)
Will    .....        (no amulet)
Stlth   +            h - +5 ring of evasion
HPRegen 0.23/turn    (no ring)
MPRegen 0.09/turn

%: no passive effects
@: no status effects
A: sickness immunity, AC +3, negative energy resistance 1, electricity
resistance, torment resistance 1, petrification resistance
a: no special abilities


You were on level 3 of the Dungeon.
You visited 1 branch of the dungeon, and saw 3 of its levels.

You collected 123 gold pieces.
You spent 47 gold pieces at shops.


Innate Abilities, Weirdness & Mutations

You are immune to sickness and miasma.
Your stone body is resilient. (AC +3)
You are immune to poison.
You resist negative energy. (rN+)
You are resistant to electric shocks. (rElec)
You are resistant to unholy torment.
You are immune to petrification.


   Skills:
 - Level 2.0 Fighting
 + Level 3.5 Ranged Weapons
 - Level 1.5 Dodging
 - Level 1.0 Spellcasting
 - Level 2.6 Hexes


You had 3 spell levels left.
You knew the following spells:

 Your Spells              Type           Power      Damage    Failure   Level
a - Slow                  Hex            20%        N/A       17%         1

Your spell library contained the following spells:

 Spells                   Type           Power      Damage    Failure   Level
 Inner Flame              Hex/Fire       3%         N/A       65%         3
 Portal Projectile        Hex/Tloc       6%         N/A       65%         3
 Cause Fear               Hex            2%         N/A       86%         4

Inventory:

Hand Weapons
 Y - a +1 sling (weapon)
Armour
 l - a +0 leather armour (worn)
 n - a +0 helmet (worn)
Jewellery
 d - a ring of ice
 h - a +5 ring of evasion (left hand)
Potions
 f - a potion of heal wounds
 g - a potion of haste {unknown}
 i - a potion of magic {unknown}
 j - a potion of lignification {unknown}
 k - a potion of curing

Dungeon Overview and Level Annotations

Branches:
Dungeon (3/15)

Altars:
Xom

Shops:
D:2 :*(!

Annotations:
D:2 exclusion: endoplasm
D:3 Terence


Message History

The jackal bites you but does no damage.
The kobold hits you but does no damage. Terence barely misses you.
You shoot a sling bullet.
The sling bullet hits the kobold but does no damage.
The kobold is severely wounded.
The jackal barely misses you. The jackal misses you.
The jackal bites you but does no damage.
The kobold completely misses you.
Terence hits you from afar with a +1 trident of flaming.
Terence burns you. The jackal barely misses you.
You shoot a sling bullet. The sling bullet misses the kobold.
The jackal bites you but does no damage.
The jackal closely misses you. The kobold hits you but does no damage.
Terence closely misses you. The jackal barely misses you.
You shoot a sling bullet.
The sling bullet closely misses the kobold.
The jackal closely misses you.
The jackal bites you but does no damage.
The kobold hits you but does no damage. Terence closely misses you.
The jackal bites you.
You shoot a sling bullet. The sling bullet hits the kobold.
You kill the kobold!
The jackal barely misses you. The jackal completely misses you.
Terence misses you. The jackal misses you.
The jackal bites you but does no damage.
The adder misses you. Terence barely misses you.
You shoot a sling bullet.
The sling bullet barely misses the adder.
The jackal misses you.
The jackal bites you but does no damage.
The adder bites you but does no damage.
The jackal bites you but does no damage.
Terence completely misses you. The jackal barely misses you.
You shoot a sling bullet. The sling bullet hits the adder.
The adder is heavily wounded.
The adder bites you but does no damage. The jackal closely misses you.
The jackal misses you.
Terence hits you from afar with a +1 trident of flaming!
Terence burns you.
You die...

########.....#
##.....#
#......#
#......#
#......#
#......#
#......#
###.S....#
#..@hK..>#
.....@##h....#
....(# .......
..>.. ####...
.... ... ...
.. ...


You could see Terence, an adder, 2 jackals and a kobold.

Vanquished Creatures
  2 worms (D:2)
  A dart slug (D:1)
  3 endoplasms (D:2)
  A giant cockroach (D:1)
  3 hobgoblins
  4 jackals
  2 quokkas (D:2)
  3 bats
  5 frilled lizards
  3 goblins
  5 kobolds
  5 rats (D:2)
37 creatures vanquished.

Notes
Turn   | Place    | Note
-------+----------+-------------------------------------------
     0 | D:1      | qw the Gargoyle Hexslinger began the quest for the Orb.
     0 | D:1      | Reached XP level 1. HP: 12/12 MP: 2/2
     0 | D:1      | 0 ||| qw: Version: 0.3-a-32-g5962c71
     0 | D:1      | 0 ||| qw: Game counter: 7461
     0 | D:1      | 0 ||| qw: Melee chars always use a shield: true
     0 | D:1      | 0 ||| qw: God list: Okawaru
     0 | D:1      | 0 ||| qw: Allow faded altars: false
     0 | D:1      | 0 ||| qw: Do Orc after clearing Dungeon:15 true
     0 | D:1      | 0 ||| qw: Do second Lair branch before Depths: true
     0 | D:1      | 0 ||| qw: Lair rune preference: random
     0 | D:1      | 0 ||| qw: Goals: Normal
     0 | D:1      | 0 ||| PLANNING D:1-11
   164 | D:1      | Reached XP level 2. HP: 15/16 MP: 3/3
   520 | D:1      | 520 ||| UPGRADING to +5 ring of evasion.
   521 | D:1      | 521 ||| READING scroll labelled WYIGAIMEKO.
   522 | D:1      | 522 ||| DRINKING 2 murky brown potions.
   523 | D:1      | 523 ||| DROPPING scroll of poison.
   524 | D:1      | 524 ||| DROPPING potion of degeneration.
   551 | D:2      | Reached skill level 3 in Ranged Weapons
   570 | D:2      | HP: 4/16 [frozen (2)]
   574 | D:2      | HP: 1/16 [quokka (4)]
   700 | D:2      | Found Adidasul's Weapon Emporium.
   765 | D:2      | Found Bidappob's Assorted Antiques.
   768 | D:2      | 768 ||| BUYING golden potion (22 gold).
   768 | D:2      | Bought a golden potion for 22 gold pieces
   768 | D:2      | 768 ||| BUYING scroll labelled ISOTZA ATOA (25 gold).
   768 | D:2      | Bought a scroll labelled ISOTZA ATOA for 25 gold pieces
   768 | D:2      | 768 ||| SHOPLISTING scroll labelled ULOLAW ZOACS (25 gold,
                  | have 19).
   768 | D:2      | 768 ||| SHOPLISTING viscous brown potion (22 gold, have
                  | 19).
   792 | D:2      | Found a faded altar of an unknown god.
   796 | D:2      | Reached XP level 3. HP: 21/21 MP: 4/4
   892 | D:2      | Found a shimmering altar of Xom.
   954 | D:2      | Found Buh Bocode's Book Shop.
  1055 | D:2      | Found Afost's Distillery.
  1080 | D:2      | 1080 ||| FLEEEEING.
  1081 | D:2      | 1081 ||| FLEEEEING.
  1082 | D:2      | 1082 ||| FLEEEEING.
  1083 | D:2      | 1083 ||| FLEEEEING.
  1084 | D:2      | 1084 ||| FLEEEEING.
  1086 | D:2      | 1086 ||| FLEEEEING.
  1087 | D:2      | 1087 ||| FLEEEEING.
  1088 | D:2      | 1088 ||| FLEEEEING.
  1089 | D:2      | 1089 ||| FLEEEEING.
  1090 | D:2      | 1090 ||| FLEEEEING.
  1111 | D:2      | 1111 ||| UPGRADING to +0 leather armour.
  1121 | D:2      | 1121 ||| DROPPING +0 robe.
  1122 | D:2      | 1122 ||| UPGRADING to +0 helmet.
  1127 | D:2      | 1127 ||| READING 2 scrolls labelled ISOTZA ATOA.
  1128 | D:2      | 1128 ||| READING scroll labelled KODESA FEDYE.
  1129 | D:2      | 1129 ||| READING scroll labelled QUWA MYHOCORGH.
  1130 | D:2      | 1130 ||| READING scroll labelled EGROUCHAPT.
  1131 | D:2      | 1131 ||| DRINKING 2 golden potions.
  1132 | D:2      | 1132 ||| DRINKING 2 glowing black potions.
  1133 | D:2      | 1133 ||| DROPPING scroll of blinking.
  1395 | D:3      | Noticed Terence
  1412 | D:3      | HP: 3/21 [Terence/+1 trident of flaming (9)]
  1412 | D:3      | Slain by Terence

Levels and vault maps discovered:
D:1:      saegor_arrival_simple_c, layout_rooms, minmay_misc_feat_square
D:2:      layout_loops_ring, serial_shops, shop, shop_statue,
          nicolae_shop_gibbet_a_chance, nicolae_shop_behind_doors, basic_altar,
          chequers_ecumenical_altar_simple
D:3:      layout_basic, uniq_sigmund, uniq_terence, uniq_grinder

Skill      XL: |  1  2  3 |
---------------+----------+-----
Ranged Weapons | 3 |  3.5
Fighting       | 2 |  2.0
Dodging        | |  1.5
Spellcasting   | |  1.0
Hexes          | |  2.6

Action                     || total
---------------------------++-------
   Fire: Sling             ||   192
    Use: Scroll            ||     5
         Potion            ||     3
 Armour: Robe              ||    22
         Leather armour    ||    16
  Dodge: Dodged            ||   103

Table legend:
 A = Non-vault XP
 B = Vault XP
 C = Vault XP percentage of total XP
 D = Non-vault monster count
 E = Vault monster count
 F = Vault count percentage of total count
                 A         B        C        D         E       F
            +---------+---------+-------+---------+---------+-------
      Total |      63 |       0 |   0.0 |      37 |       0 |   0.0
            +---------+---------+-------+---------+---------+-------
        D:1 |      18 |       0 |   0.0 |      11 |       0 |   0.0
        D:2 |      37 |       0 |   0.0 |      21 |       0 |   0.0
        D:3 |       8 |       0 |   0.0 |       5 |       0 |   0.0
            +---------+---------+-------+---------+---------+-------
